 Dungeon Crawl Stone Soup version 0.31-a0-182-gc5ef74bbde (webtiles) character file.

Game seed: 17830747529579237947

184 qw the Chopper (level 5, 0/32 HPs)
             Began as a Gargoyle Fighter on June 20, 2023.
             Slain by a vampire mosquito (8 damage)
             ... on level 6 of the Dungeon.
             The game lasted 00:01:13 (2006 turns).

qw the Chopper (Gargoyle Fighter)                   Turns: 2006, Time: 00:01:14

Health: 0/32       AC: 19    Str: 22    XL:     5   Next: 63%
Magic:  5/5        EV:  6    Int:  8    God:
Gold:   250        SH:  4    Dex:  9    Spells: 4/4 levels left

rFire   . . .        j - +0 war axe (vamp)
rCold   . . .        c - +0 buckler
rNeg    + . .        l - +0 plate armour
rPois   inf          h - +2 hat
rElec   +            (no cloak)
rCorr   .            (no gloves)
SInv    .            m - +1 pair of boots
Will    .....        (no amulet) Stlth
                     (no ring)
HPRegen 0.25/turn    (no ring)
MPRegen 0.09/turn

%: no passive effects
@: no status effects
A: sickness immunity, AC +4, negative energy resistance 1, electricity
resistance, torment resistance 1, petrification resistance
a: no special abilities


You were on level 6 of the Dungeon.
You visited 1 branch of the dungeon, and saw 4 of its levels.

You collected 250 gold pieces.


Innate Abilities, Weirdness & Mutations

You are immune to sickness and miasma.
Your stone body is resilient. (AC +4)
You are immune to poison.
You resist negative energy. (rN+)
You are resistant to electric shocks. (rElec)
You are resistant to unholy torment.
You are immune to petrification.


   Skills:
 + Level 3.2 Fighting
 - Level 5.2 Axes
 - Level 3.2 Armour
 - Level 3.2 Shields


You had 4 spell levels left.
You didn't know any spells.
Your spell library was empty.

Inventory:

Hand Weapons
 a - a +0 flail of protection
 b - a +0 hand axe
 j - a +0 vampiric war axe (weapon)
Armour
 c - a +0 buckler (worn)
 h - a +2 hat (worn)
 l - a +0 plate armour (worn)
 m - a +1 pair of boots (worn)
Scrolls
 e - a scroll of brand weapon
 Y - a scroll of identify
Potions
 d - a potion of might
 f - a potion of enlightenment
 g - a potion of invisibility {unknown}
 i - 2 potions of curing
 k - a potion of resistance {unknown}
 n - a potion of brilliance {unknown}
 o - a potion of ambrosia {unknown}

Dungeon Overview and Level Annotations

Branches:
Dungeon (3/15)

Altars:


Message History

You block the vampire mosquito's attack.
You closely miss the vampire mosquito.
The vampire mosquito is lightly damaged.
You hit the vampire mosquito.
The vampire mosquito bites you but does no damage.
The vampire mosquito completely misses you.
The vampire mosquito bites you but does no damage. x2
You closely miss the vampire mosquito.
The vampire mosquito is lightly damaged.
You barely miss the vampire mosquito. You miss the vampire mosquito.
The vampire mosquito closely misses you.
The vampire mosquito bites you but does no damage.
The vampire mosquito bites you.
The vampire mosquito bites you but does no damage.
The vampire mosquito closely misses you.
The vampire mosquito bites you but does no damage.
You barely miss the vampire mosquito.
The vampire mosquito is lightly damaged.
You slash the vampire mosquito! You barely miss the vampire mosquito.
The vampire mosquito bites you. x2
The vampire mosquito bites you but does no damage. x2
The vampire mosquito bites you.
The vampire mosquito bites you but does no damage.
You block the vampire mosquito's attack.
The vampire mosquito barely misses you.
The vampire mosquito bites you but does no damage.
You miss the vampire mosquito.
The vampire mosquito is heavily damaged.
You hit the vampire mosquito. You miss the vampire mosquito.
The vampire mosquito barely misses you.
The vampire mosquito bites you but does no damage.
The vampire mosquito bites you.
The vampire mosquito bites you but does no damage. x2
The vampire mosquito barely misses you.
You barely miss the vampire mosquito.
The vampire mosquito is heavily damaged.
You closely miss the vampire mosquito. You miss the vampire mosquito.
The vampire mosquito bites you but does no damage.
The vampire mosquito barely misses you. The vampire mosquito bites you!
You die...

#. .##.# . #.# ###. #.#
##...##.# ... ...# #.#
#.###########
#..####y####.........)..
......y@y.....##########
#######.###...# #.#
##### ..# ####


You could see 3 vampire mosquitoes.

Vanquished Creatures
  An iguana (D:6)
  4 gnolls (D:2)
  5 adders
  3 worms
  A dart slug (D:2)
  5 orcs
  3 endoplasms
  A giant cockroach (D:2)
  5 goblins
  9 hobgoblins
  6 kobolds
  A quokka (D:2)
  4 ball pythons
  5 bats
  5 frilled lizards
  2 rats
60 creatures vanquished.

Notes
Turn   | Place    | Note
-------+----------+-------------------------------------------
     0 | D:1      | qw the Gargoyle Fighter began the quest for the Orb.
     0 | D:1      | Reached XP level 1. HP: 14/14 MP: 1/1
     0 | D:1      | 0 ||| qw: Version: 0.3-a-9-g12657ce
     0 | D:1      | 0 ||| qw: Game counter: 1460
     0 | D:1      | 0 ||| qw: Always use a shield: true
     0 | D:1      | 0 ||| qw: God list: Okawaru
     0 | D:1      | 0 ||| qw: Allow faded altars: false
     0 | D:1      | 0 ||| qw: Do Orc after D:15 true
     0 | D:1      | 0 ||| qw: Do second Lair branch before Depths: true
     0 | D:1      | 0 ||| qw: Lair rune preference: random
     0 | D:1      | 0 ||| qw: Plans: Normal, Zot:1-4, Slime:5, God:TSO, Crypt,
                  | Tomb, Abyss, Pan, Hells, Win
     0 | D:1      | 0 ||| PLANNING D:1-11
   133 | D:1      | Reached skill level 2 in Axes
   424 | D:1      | Reached XP level 2. HP: 19/19 MP: 2/2
   774 | D:1      | 774 ||| UPGRADING to +0 plate armour.
   784 | D:1      | 784 ||| DROPPING +0 scale mail.
   785 | D:1      | 785 ||| DROPPING amulet of magic regeneration.
   786 | D:1      | 786 ||| READING scroll labelled PEPYWN ZEQE.
   787 | D:1      | 787 ||| READING scroll labelled NOOMAO LINOEK.
   788 | D:1      | 788 ||| READING scroll labelled CAFFIU QIEROATH.
   789 | D:1      | 789 ||| DRINKING 2 sapphire potions.
   805 | D:2      | 805 ||| Stepping ~*~*~tactically~*~*~ (stealth).
   816 | D:2      | Reached skill level 3 in Axes
   820 | D:2      | Reached XP level 3. HP: 8/23 MP: 3/3
   860 | D:2      | 860 ||| DROPPING +0 whip.
   992 | D:2      | Reached XP level 4. HP: 28/28 MP: 4/4
  1147 | D:2      | Reached skill level 4 in Axes
  1160 | D:2      | Identified the +2 robe of the Moon Troll {Dex+3}
  1398 | D:2      | 1398 ||| Stepping ~*~*~tactically~*~*~ (stealth).
  1399 | D:2      | 1399 ||| Stepping ~*~*~tactically~*~*~ (stealth).
  1400 | D:2      | 1400 ||| Stepping ~*~*~tactically~*~*~ (stealth).
  1442 | D:2      | Reached XP level 5. HP: 30/32 MP: 5/5
  1581 | D:2      | 1581 ||| UPGRADING to +2 hat.
  1586 | D:2      | 1586 ||| READING 3 scrolls labelled KUIMOG ELAMEC.
  1587 | D:2      | 1587 ||| READING 2 scrolls of identify.
  1587 | D:2      | 1587 ||| IDENTIFYING cyan potion
  1744 | D:3      | 1744 ||| Stepping ~*~*~tactically~*~*~ (stealth).
  1746 | D:3      | 1746 ||| Stepping ~*~*~tactically~*~*~ (stealth).
  1758 | D:3      | 1758 ||| FLEEEEING.
  1759 | D:3      | 1759 ||| FLEEEEING.
  1762 | D:3      | 1762 ||| FLEEEEING.
  1765 | D:3      | 1765 ||| FLEEEEING.
  1766 | D:3      | 1766 ||| FLEEEEING.
  1767 | D:3      | 1767 ||| FLEEEEING.
  1790 | D:3      | 1790 ||| Stepping ~*~*~tactically~*~*~ (stealth).
  1891 | D:3      | You fall into a shaft and drop 3 floors!
  1896 | D:6      | 1896 ||| UPGRADING to +1 pair of boots.
  1905 | D:6      | Reached skill level 5 in Axes
  1999 | D:6      | Noticed a vampire mosquito
  1999 | D:6      | Noticed a vampire mosquito
  1999 | D:6      | Noticed a vampire mosquito
  2005 | D:6      | HP: 8/32 [vampire mosquito (5)]
  2006 | D:6      | Slain by a vampire mosquito

Levels and vault maps discovered:
D:1:      dpeg_arrival_simpleton_b, layout_basic, chequers_serial_rivers_marsh
D:2:      layout_basic, minmay_joined_circles
D:3:      layout_loops_ring, hellmonk_ecumenical_altar_arch_garden,
          ebering_ghost_rock_garden, minmay_misc_feat_hallway
D:6:      layout_loops_ring, serial_shops, nicolae_square_shop,
          item_on_display_a

Skill      XL: |  1  2  3  4  5 |
---------------+----------------+-----
Axes           | 2 3 4 5 |  5.2
Fighting       | |  3.2
Armour         | |  3.2
Shields        | |  3.2

Action                     |  1- 3 |  4- 6 || total
---------------------------+-------+-------++-------
  Melee: War axe           |    60 |   146 ||   206
    Use: Scroll            |     3 |     2 ||     5
         Potion            |     1 |       ||     1
 Armour: Scale mail        |     5 |       ||     5
         Plate armour      |    20 |    97 ||   117
  Dodge: Dodged            |    17 |    46 ||    63
  Block: Buckler           |     9 |    21 ||    30

Table legend:
 A = Non-vault XP
 B = Vault XP
 C = Vault XP percentage of total XP
 D = Non-vault monster count
 E = Vault monster count
 F = Vault count percentage of total count
                 A         B        C        D         E       F
            +---------+---------+-------+---------+---------+-------
      Total |     221 |      42 |  16.0 |      45 |      15 |  25.0
            +---------+---------+-------+---------+---------+-------
        D:1 |      15 |       0 |   0.0 |       9 |       0 |   0.0
        D:2 |     128 |      42 |  24.7 |      23 |      15 |  39.5
        D:3 |      39 |       0 |   0.0 |      12 |       0 |   0.0
        D:6 |      39 |       0 |   0.0 |       1 |       0 |   0.0
            +---------+---------+-------+---------+---------+-------
